 Dungeon Crawl Stone Soup version 0.27-a0-1186-g8b4daa1eef (webtiles) character file.

Game seed: 5668939087804727998

7207 robertstho the Protected (level 10, -5/94 HPs)
             Began as a Minotaur Berserker on May 19, 2021.
             Was an Elder of Trog.
             Slain by Erolcha
             ... wielding a +0 giant club
              (16 damage)
             ... on level 10 of the Dungeon.
             The game lasted 00:10:12 (8900 turns).

robertstho the Protected (Minotaur Berserker)       Turns: 8900, Time: 00:10:12

Health: -5/94      AC: 16    Str: 36    XL:     10   Next: 87%
Magic:  9/9        EV: 12    Int:  5    God:    Trog [****..]
Gold:   156        SH:  0    Dex: 10    Spells: 9/9 levels left

rFire    . . .     SeeInvis .   j - +2 battleaxe (freeze)
rCold    . . .     Faith    .   (shield currently unavailable)
rNeg     . . .     Spirit   .   D - +0 swamp dragon scales
rPois    +         Reflect  .   (helmet restricted)
rElec    .         Harm     .   z - +0 cloak
rCorr    .         Rampage  ∞   (no gloves)
Will     .....                  a - +3 pair of seven-league boots {Rampage+∞}
Stlth    ..........             (no amulet)
HPRegen  0.25/turn              w - +6 ring of strength
MPRegen  0.11/turn              i - +6 ring of strength

@: on berserk cooldown, slowed, very slow
A: horns 2, retaliatory headbutt
a: Renounce Religion, Berserk, Trog's Hand, Brothers in Arms


You were on level 10 of the Dungeon.
You worshipped Trog.
Trog was greatly pleased with you.
You visited 1 branch of the dungeon, and saw 10 of its levels.

You collected 402 gold pieces.
You spent 246 gold pieces at shops.

Inventory:

Hand Weapons
 j - a +2 battleaxe of freezing (weapon)
 p - a +0 whip of venom
 C - a +0 war axe of freezing
Missiles
 q - 2 throwing nets
Armour
 a - the +3 pair of seven-league boots (worn) {Rampage+∞}
   (You acquired it on level 8 of the Dungeon)
 m - a +0 plate armour
 z - a +0 cloak (worn)
 D - +0 swamp dragon scales (worn)
Jewellery
 c - a ring of flight
 d - a +4 ring of protection
 i - a +6 ring of strength (right hand)
 w - a +6 ring of strength (left hand)
 F - a ring of protection from cold
Wands
 n - a wand of iceblast (14)
 A - a wand of acid (11)
 B - a wand of mindburst (15)
 E - a wand of digging (1)
Scrolls
 e - 2 scrolls of teleportation
 f - a scroll of brand weapon
 l - a scroll of enchant weapon
 o - a scroll of magic mapping
 x - 2 scrolls of immolation
 y - a scroll of blinking
Potions
 b - a potion of berserk rage {unknown}
 g - a potion of mutation {unknown}
 k - 2 potions of flight {unknown}
 r - 2 potions of lignification {unknown}
 s - 3 potions of haste
 t - a potion of ambrosia {unknown}
 v - 2 potions of magic
Miscellaneous
 u - a phantom mirror


   Skills:
 * Level 10.4 Fighting
 + Level 12.1 Axes
 * Level 12.2 Armour
 + Level 3.8 Dodging


You had 9 spell levels left.
You didn't know any spells.
Your spell library was empty.

Dungeon Overview and Level Annotations

Branches:
Dungeon (10/15)            Temple (0/1) D:4            Lair (0/6) D:8
    Orc (0/2) D:9

Altars:
Elyvilon
Fedhas
Gozag
Okawaru
Zin
The Shining One

Shops:
D:6 ?

Annotations:
D:10 1 runed translucent door, Erolcha; FacelessVoid's ghost, journeyman DECj


Innate Abilities, Weirdness & Mutations

You have a pair of horns on your head.
You reflexively headbutt those who attack you in melee.


Message History

A howler monkey comes into view.
The howler monkey howls!
Erolcha screams, "Erolcha kill you!"
Erolcha casts a spell at herself.
Erolcha flickers and vanishes!
Deactivating autopickup; reactivate with Ctrl-A.
Found 8 gold pieces.
The howler monkey hoots and howls with incredible vigour!
You hear a bellow! x3; You hear a howl!
You hear a shout!
You stride towards the howler monkey!
You slash the howler monkey! You freeze the howler monkey.
You kill the howler monkey!
Trog accepts your kill. Something completely misses you.
No target in view!
No target in view!
Unknown command.
Unknown command.
You barely miss something. Your headbutt misses something. Something hits you.
A red film seems to cover your vision as you go berserk!
You feel yourself moving faster!
You feel mighty!
You hear some strange, mumbled words.
You feel a strong urge to attack something.
You feel your anger nearly subside.
You are no longer berserk.
You are exhausted.
You feel yourself slow down. Something hits you!! Something hits you.
Something hits you!!
You see here a +0 ring mail.
A howler monkey comes into view.
Something hits you!!
* * * LOW HITPOINT WARNING * * *
The howler monkey howls!
You see here 8 gold pieces.
You feel better. Something hits you!!
* * * LOW HITPOINT WARNING * * *
The howler monkey hits you.
* * * LOW HITPOINT WARNING * * *
You feel better. Something hits you!
You die...

#.##### #...h@#
#####{# #.#
####[##### . ###
#........# ..
+...##........##.#
#..............#
####........###
#........#


You could see a howler monkey.

Vanquished Creatures
  3 two-headed ogres
  Maggie (D:7)
  A troll (D:9)
  Prince Ribbit (D:7)
  5 yaks (D:9)
  A steam dragon (D:8)
  2 wargs (D:8)
  A water moccasin (D:7)
  Duvessa (D:5)
  3 orc warriors
  A black bear (D:6)
  An ice beast (D:7)
  A sky beast (D:5)
  2 necrophages
  2 ogres (D:5)
  4 centaurs
  A kobold brigand (D:10)
  Dowan (D:5)
  A bullfrog (D:8)
  A gnoll sergeant (D:9)
  5 killer bees (D:9)
  8 wights (D:8)
  A howler monkey (D:10)
  3 centaur zombies
  6 hounds
  A bullfrog zombie (D:6)
  3 gnoll shamans
  Crazy Yiuf (D:7)
  Ijyb (D:5)
  2 orc priests
  Jessica (D:2)
  5 orc wizards
  2 mummies (D:8)
  13 gnolls
  6 adders
  An ufetubus (D:4)
  2 worms
  4 dart slugs
  17 orcs
  8 ball pythons
  5 bats
  3 endoplasms (D:3)
  3 giant cockroaches
  6 goblins
  10 hobgoblins
  3 jackals (D:3)
  A quokka (D:1)
  4 frilled lizards
  7 kobolds
  4 rats
170 creatures vanquished.

Vanquished Creatures (others)
  A plant (D:8)
  3 withered plants (D:8)
4 creatures vanquished.

Grand Total: 174 creatures vanquished

Notes
Turn   | Place    | Note
-------+----------+-------------------------------------------
     0 | D:1      | robertstho the Minotaur Berserker began the quest for the
                  | Orb.
     0 | D:1      | Reached XP level 1. HP: 19/19 MP: 0/0
   347 | D:1      | Reached XP level 2. HP: 27/27 MP: 1/1
   951 | D:2      | Reached XP level 3. HP: 34/34 MP: 2/2
  1044 | D:2      | Reached ** piety under Trog
  1250 | D:2      | Reached XP level 4. HP: 41/41 MP: 3/3
  1472 | D:2      | Noticed Jessica
  1476 | D:2      | Killed Jessica
  1477 | D:2      | Reached skill level 5 in Fighting
  1584 | D:3      | Found a white marble altar of Elyvilon.
  1743 | D:3      | Reached XP level 5. HP: 36/48 MP: 4/4
  2293 | D:3      | Found an iron altar of Okawaru.
  2598 | D:4      | Reached skill level 5 in Axes
  2809 | D:4      | Found a staircase to the Ecumenical Temple.
  3225 | D:5      | Entered Level 5 of the Dungeon
  3288 | D:5      | Reached XP level 6. HP: 56/56 MP: 5/5
  3402 | D:5      | Noticed Ijyb
  3414 | D:5      | Reached skill level 5 in Armour
  3422 | D:5      | Killed Ijyb
  3422 | D:5      | Reached *** piety under Trog
  3936 | D:5      | Found a blossoming altar of Fedhas.
  3944 | D:5      | Found a glowing golden altar of the Shining One.
  3987 | D:5      | Noticed Duvessa
  3988 | D:5      | Noticed Dowan
  3996 | D:5      | Killed Duvessa
  3997 | D:5      | Reached XP level 7. HP: 63/63 MP: 6/6
  4009 | D:5      | Killed Dowan
  4767 | D:6      | Reached XP level 8. HP: 69/73 MP: 7/7
  5039 | D:6      | Found Ryticul's Magic Scroll Shoppe.
  5042 | D:6      | Bought a scroll of identify for 26 gold pieces
  5042 | D:6      | Bought a scroll of identify for 26 gold pieces
  5042 | D:6      | Bought a scroll of immolation for 45 gold pieces
  5042 | D:6      | Bought a scroll of noise for 13 gold pieces
  5042 | D:6      | Bought a scroll of teleportation for 39 gold pieces
  5042 | D:6      | Bought a scroll of blinking for 97 gold pieces
  5529 | D:7      | Noticed Prince Ribbit
  5546 | D:7      | Killed Prince Ribbit
  6145 | D:7      | Found a runed translucent door.
  6145 | D:7      | Noticed Maggie
  6146 | D:7      | Noticed Crazy Yiuf
  6269 | D:7      | Killed Crazy Yiuf
  6274 | D:7      | Killed Maggie
  6275 | D:7      | Reached XP level 9. HP: 62/81 MP: 8/8
  6709 | D:8      | Reached skill level 10 in Armour
  6948 | D:8      | Found a staircase to the Lair.
  6959 | D:8      | Identified a scroll of acquirement
  6968 | D:8      | Acquired the +3 pair of seven-league boots {Rampage+∞}
  6969 | D:8      | Found the +3 pair of seven-league boots {Rampage+∞}
  7371 | D:8      | Noticed a two-headed ogre
  7375 | D:8      | Killed a two-headed ogre
  7376 | D:8      | Reached skill level 10 in Axes
  7376 | D:8      | Reached XP level 10. HP: 85/91 MP: 9/9
  7477 | D:9      | Found a staircase to the Orcish Mines.
  7481 | D:9      | Reached **** piety under Trog
  8045 | D:9      | Noticed a two-headed ogre
  8049 | D:9      | Killed a two-headed ogre
  8259 | D:9      | Found an opulent altar of Gozag.
  8340 | D:9      | Found a glowing silver altar of Zin.
  8384 | D:9      | Reached skill level 10 in Fighting
  8602 | D:10     | Entered Level 10 of the Dungeon
  8606 | D:10     | Noticed a two-headed ogre
  8612 | D:10     | Killed a two-headed ogre
  8723 | D:10     | Noticed FacelessVoid's ghost (journeyman DECj)
  8726 | D:10     | Found a runed translucent door.
  8884 | D:10     | Noticed Erolcha
  8899 | D:10     | HP: 2/94 [howler monkey (3)]
  8900 | D:10     | Slain by Erolcha

Illustrated notes

Levels and vault maps discovered:
D:1:      dpeg_arrival_circle_labyrinth_b, layout_basic, minmay_small_reverse_x
D:2:      layout_loops_cross, uniq_jessica
D:3:      layout_loops_cross, old_standard_altar, okawaru_altar_gauntlet_db
D:4:      layout_loops_ring, minmay_temple_entry_enclosed_plants
D:5:      layout_gridville, minitemple, uniq_ijyb, uniq_duvessa
D:6:      layout_gridville, nicolae_overflow_hidden_temple, serial_shops,
          kennysheep_mini_moat, wad_floor_pattern_untrapped
D:7:      layout_loops_ring, amcnicky_mini_rare_corridor_liquid,
          uniq_crazy_yiuf_cottage, uniq_prince_ribbit1, uniq_maggie
D:8:      layout_loops_ring, erik_lair_orcish_takeover, serial_undead,
          serial_undead_e, serial_undead_e, serial_undead_f, serial_undead_e,
          serial_undead_a, serial_undead_b, grunt_decor_arrowhead
D:9:      layout_gridville, pdpol_temple_overflow_zin_treasury_gozag_greed,
          orc_0_dummy, kennysheep_generic_room_13
D:10:     layout_roguey, nicolae_trove_entry_crossroad,
          hellmonk_ghost_happy_afterlife, minmay_puff, uniq_erolcha

Skill      XL: |  1  2  3  4  5  6  7  8  9 10 |
---------------+-------------------------------+-----
Fighting       | 4 5 6 7 9 10 | 10.4
Axes           | 4 5 6 8 10 12 | 12.1
Armour         | 3 4 6 7 9 11 12 | 12.2
Dodging        | 3 |  3.8

Action                   |  1- 3 |  4- 6 |  7- 9 | 10-12 || total
-------------------------+-------+-------+-------+-------++-------
Melee: Hand axe          |    58 |    96 |       |       ||   154
       Headbutt          |    13 |    30 |    32 |    12 ||    87
       War axe           |       |    38 |   133 |       ||   171
       Battleaxe         |       |       |     3 |    63 ||    66
Invok: Berserk           |       |     4 |     6 |     1 ||    11
       Trog's Hand       |       |     1 |       |       ||     1
Evoke: Wand              |       |       |     1 |       ||     1
  Use: Scroll            |       |     4 |     8 |       ||    12
       Potion            |       |     2 |       |     2 ||     4
Armor: Animal skin       |     1 |       |       |       ||     1
       Ring mail         |    20 |    14 |       |       ||    34
       Plate armour      |       |    73 |   123 |       ||   196
       Swamp dragon scal |       |       |     5 |    35 ||    40
Dodge: Dodged            |    51 |    58 |    72 |    54 ||   235

Table legend: (Time is in decaauts)
 A = Elapsed time spent in this place.
 B = Non-inter-level travel time spent in this place.
 C = Inter-level travel time spent in this place.
 D = Time resting spent in this place.
 E = Time spent auto-exploring this place.
 F = Levels seen in this place.
 G = Mean time per level.
                   A        B        C        D        E       F      G
               +--------+--------+--------+--------+--------+-----+--------+
         Total |   9043 |   8631 |    412 |    325 |   7286 |  10 |  904.3 |
       Dungeon |   9043 |   8631 |    412 |    325 |   7286 |  10 |  904.3 |
               +--------+--------+--------+--------+--------+-----+--------+

Top non-repeatable levels by time:
     D:5: 1525 daAuts
     D:9: 1134 daAuts
     D:7: 1125 daAuts
     D:8: 1044 daAuts
     D:3: 949 daAuts
     D:1: 934 daAuts
     D:4: 761 daAuts
     D:6: 677 daAuts
     D:2: 590 daAuts
    D:10: 300 daAuts
